 Dungeon Crawl Stone Soup version 0.18.1-8-gdd0e5ea (webtiles) character file.

121 georgeearnest the Shield-Bearer (level 5, -2/42 HPs)
             Began as a Formicid Fighter on June 6, 2016.
             Slain by an orc wizard
             ... wielding a +2 dagger of venom
              (4 damage)
             ... on level 4 of the Dungeon.
             The game lasted 00:04:40 (2748 turns).

georgeearnest the Shield-Bearer (Formicid Fighter)  Turns: 2748, Time: 00:04:40

Health: -2/42      AC:  7    Str: 21    XL:     5   Next: 26%
Magic:  5/5        EV:  8    Int:  8    God:
Gold:   215        SH:  9    Dex: 10    Spells: 0 memorised, 4 levels left

rFire  . . .     SeeInvis +     a - +0 war axe
rCold  . . .     Gourm    .     b - +0 scale mail
rNeg   . . .     Faith    .     c - +0 shield
rPois  .         Spirit   .     (helmet unavailable)
rElec  .         Dismiss  .     (no cloak)
rCorr  .         Reflect  .     (no gloves)
SustAt .         Harm     .     (no boots)
MR     .....                    (no amulet)
Stlth  ..........               (no ring)
                                (no ring)

@: lethally poisoned (-2 -> -17), not resistant to hostile enchantments,
extremely unstealthy
A: permanent stasis, dig shafts and tunnels, four strong arms, antennae 3
a: Dig, Shaft Self


You were on level 4 of the Dungeon.
You were not hungry.

You visited 1 branch of the dungeon, and saw 4 of its levels.

You collected 215 gold pieces.

Inventory:

Hand Weapons
 a - a +0 war axe (weapon)
Armour
 b - a +0 scale mail (worn)
 c - a +0 shield (worn)
Jewellery
 s - a cursed amulet of inaccuracy {unknown}
Scrolls
 i - a scroll of identify {unknown}
 k - a scroll of amnesia {unknown}
 l - 2 scrolls of teleportation {unknown}
 n - 2 scrolls of remove curse {unknown}
 o - a scroll of enchant weapon {unknown}
 u - a scroll of noise {unknown}
Potions
 d - a potion of might
 e - a potion of curing {unknown}
 g - a potion of brilliance {unknown}
 j - a potion of invisibility {unknown}
 m - a potion of agility {unknown}
 p - a potion of ambrosia {unknown}
 t - a potion of lignification {unknown}
Comestibles
 f - 2 bread rations
 h - 2 slices of pizza
 q - 7 fruits
 r - a meat ration


   Skills:
 + Level 3.8 Fighting
 + Level 2.6 Axes
 + Level 4.1 Armour
 + Level 1.1 Dodging
 + Level 0.3 Stealth
 + Level 4.8 Shields


You had 4 spell levels left.
You didn't know any spells.

Dungeon Overview and Level Annotations

Branches:
Dungeon (4/15)
 Temple: D:4-7

Altars:
Qazlal
Ru

Annotations:
D:4 Scarto's ghost, amateur DsFi


Innate Abilities, Weirdness & Mutations

You are under a permanent stasis effect.
You can dig through walls and to a lower floor.
Your four strong arms can wield two-handed weapons with a shield.
You have a pair of large antennae on your head (SInv).


Message History

You feel sick.
You feel sick. Scarto's ghost closely misses you.
You feel sick.
You feel sick.
The orc wizard hits you but does no damage.
You are lethally poisoned!
You slash the orc priest!
You kill the orc priest!
Your Armour skill increases to level 4!
You have reached level 5!
You hit the orc.
The orc is heavily wounded.
You closely miss the orc wizard.
You feel sick. You block the orc's attack. The orc wizard casts a spell at you.
The puff of flame hits you!
* * * LOW HITPOINT WARNING * * *
Scarto's ghost hits you!
* * * LOW HITPOINT WARNING * * *
The orc wizard hits you with a dagger of venom.
You die...

### ..# #.#
###.## #....#
#.#W.#
#.##.#o@#
#...=.o[#######
#......<.......
#.#..##.###....
#..#..#..# .
#.#.#.#.## #...
.... ##.# .##S
#. .#


You could see an orc wizard, Scarto's ghost, an adder (wandering) and an orc.

Vanquished Creatures
  An orc priest (D:4)
  3 adders
  An ooze (D:3)
  A worm (D:2)
  3 dart slugs
  2 orcs (D:3)
  2 giant cockroaches
  6 hobgoblins
  3 jackals (D:1)
  6 bats
  2 giant newts
  7 goblins
  5 kobolds
  10 rats
52 creatures vanquished.

Vanquished Creatures (others)
  A goblin (D:2)
  A bat (D:2)
2 creatures vanquished.

Grand Total: 54 creatures vanquished

Notes
Turn   | Place    | Note
--------------------------------------------------------------
     0 | D:1      | georgeearnest the Formicid Fighter began the quest for the Orb.
     0 | D:1      | Reached XP level 1. HP: 18/18 MP: 1/1
   166 | D:1      | Reached XP level 2. HP: 18/24 MP: 2/2
   786 | D:1      | Reached XP level 3. HP: 29/29 MP: 3/3
  1291 | D:2      | Reached XP level 4. HP: 35/35 MP: 4/4
  1682 | D:2      | Found a stormy altar of Qazlal.
  1770 | D:3      | Found a faded altar to an unknown god.
  1864 | D:3      | Found a sacrificial altar of Ru.
  2426 | D:3      | Reached skill level 1 in Dodging
  2734 | D:4      | Noticed Scarto's ghost (amateur DsFi)
  2748 | D:4      | Reached XP level 5. HP: 19/42 MP: 5/5
  2748 | D:4      | HP: 2/42 [Scarto's ghost (7)]
  2748 | D:4      | Slain by an orc wizard

Skill      XL: |  1  2  3  4 |
---------------+-------------+-----
Shields        | 4 |  4.8
Dodging        | 1 |  1.1
Armour         | 4 |  4.1
Fighting       | |  3.8
Axes           | |  2.6
Stealth        | |  0.3

Action                   |  1- 3 |  4- 6 || total
-------------------------+-------+-------++-------
Melee: War axe           |   111 |    94 ||   205
 Abil: Dig               |     1 |       ||     1
  Eat: Meat ration       |     1 |       ||     1
       Bread ration      |       |     1 ||     1
Armor: Scale mail        |    72 |    40 ||   112
Dodge: Dodged            |    62 |    25 ||    87
Block: Shield            |    93 |    53 ||   146
